 Dungeon Crawl Stone Soup version 0.30-a0-591-g3c58d2bc28 (webtiles) character file.

Game seed: 11426863537505693618

872 flotson the Sneak (level 7, -4/54 HPs)
             Began as a Demonspawn Delver on Jan 5, 2023.
             Was a Follower of Sif Muna.
             Slain by a gnoll
             ... wielding a +0 spear
             ... led by a gnoll sergeant
              (6 damage)
             ... on level 5 of the Dungeon.
             The game lasted 00:09:19 (4363 turns).

flotson the Sneak (Demonspawn Delver)               Turns: 4363, Time: 00:09:20

Health: -4/54      AC: 10    Str: 15    XL:     7   Next: 74%
Magic:  9/9        EV:  5    Int: 11    God:    Sif Muna [*.....]
Gold:   189        SH:  0    Dex: 14    Spells: 5/9 levels left

rFire   . . .      SeeInvis .    b - +0 spear (venom)
rCold   + . .      Faith    .    (no shield)
rNeg    . . .      Spirit   .    A - +1 scale mail {rC+}
rPois   .          Reflect  .    k - +1 helmet
rElec   .          Harm     .    (no cloak)
rCorr   .          Rampage  .    m - +0 pair of gloves
Will    .....                    (no boots)
Stlth   ++                       (no amulet)
HPRegen 0.29/turn                (no ring)
MPRegen 0.22/turn                (no ring)

@: held
A: magic regeneration, weakness stinger 2
a: Renounce Religion, Channel Magic


You were on level 5 of the Dungeon.
You worshipped Sif Muna.
Sif Muna was aware of your devotion.
You visited 1 branch of the dungeon, and saw 5 of its levels.

You collected 189 gold pieces.

Inventory:

Hand Weapons
 a - a +0 morningstar
 b - a +0 spear of venom (weapon)
Missiles
 d - 4 silver boomerangs (quivered)
Armour
 k - a +1 helmet (worn)
 m - a +0 pair of gloves (worn)
 A - a +1 scale mail of cold resistance (worn)
Jewellery
 o - a ring of fire
Wands
 g - a wand of digging (3)
Scrolls
 c - 2 scrolls of fog
 e - a scroll of fear
 n - 10 scrolls of identify {unknown}
 t - a scroll of amnesia {unknown}
 u - 2 scrolls of blinking {unknown}
 w - 2 scrolls of teleportation {unknown}
 y - 2 scrolls of enchant armour {unknown}
 z - a scroll of immolation {unknown}
Potions
 f - a potion of berserk rage {unknown}
 h - a potion of brilliance {unknown}
 j - 2 potions of resistance {unknown}
 l - a potion of curing
 p - 3 potions of lignification {unknown}
 q - a potion of magic {unknown}
 r - 2 potions of cancellation {unknown}
 s - a potion of might {unknown}
 v - a potion of heal wounds {unknown}
 x - a potion of invisibility {unknown}


   Skills:
 + Level 4.2 Fighting
 + Level 3.0 Axes
 + Level 2.4 Throwing
 + Level 2.4 Armour
 + Level 3.1 Dodging
 - Level 5.0 Stealth
 + Level 1.7 Spellcasting
 + Level 1.9 Conjurations
 + Level 1.6 Air Magic
 + Level 2.4 Invocations
 + Level 2.5 Evocations


You had 5 spell levels left.
You knew the following spells:

 Your Spells              Type           Power      Damage    Failure   Level
a - Magic Dart            Conj           20%        1d4       45%         1
b - Shock                 Conj/Air       16%        1d4       50%         1
c - Searing Ray           Conj           10%        2d4       61%         2

Your spell library contained the following spells:

 Spells                   Type           Power      Damage    Failure   Level
 Swiftness                Air            4%         N/A       86%         3
 Dazzling Flash           Conj/Hex       6%         N/A       93%         3
 Gell's Gravitas          Tloc           0%         N/A       98%         3
 Lesser Beckoning         Tloc           0%         N/A       98%         3
 Teleport Other           Tloc           0%         N/A       98%         3
 Airstrike                Air            2%         2d(1-17)  99%         4
 Fulminant Prism          Conj/Hex       1%         3d5       100%        4
 Iskenderun's Mystic Bla  Conj/Tloc      3%         2d3       100%        4
 Conjure Ball Lightning   Conj/Air       2%         3x3d6     100%        6
 Starburst                Conj/Fire      1%         6d3       100%        6
 Discord                  Hex            0%         N/A       100%        8
 Disjunction              Tloc           0%         N/A       100%        8


Dungeon Overview and Level Annotations

Branches:
Dungeon (5/15)
 Temple: D:4-7

Altars:
Ashenzari
Cheibriados
Fedhas
Sif Muna
Trog
Yredelemnul


Innate Abilities, Weirdness & Mutations

You regenerate magic rapidly.
You have a tail ending in a sharp stinger.


Message History

Press: ? - help, Q - select action, (/) - cycle Shift-Dir - straight line, f - gnoll sergeant
Aim: a gnoll sergeant, wielding a +0 spear and wearing a +0 ring mail (severely wounded, 69% to hit)
You throw a silver boomerang.
The silver boomerang hits the gnoll sergeant but does no damage.
The gnoll sergeant is severely wounded.
The gnoll sergeant hits you from afar with a +0 spear.
Unknown command.
Your +0 spear of venom begins to drip with poison!
b - a +0 spear of venom (weapon)
The gnoll sergeant hits you from afar with a +0 spear.
* * * LOW HITPOINT WARNING * * *
Reach: b) +0 spear (venom)
Press: ? - help, Dir - move target, f/p - gnoll sergeant
Aim: a gnoll sergeant, wielding a +0 spear and wearing a +0 ring mail (severely wounded, about 30% to evade your +0 spear of venom)
You reach to attack!
You hit the gnoll sergeant.
The gnoll sergeant is poisoned.
The gnoll sergeant is almost dead.
The gnoll sergeant hits you from afar with a +0 spear!
* * * LOW HITPOINT WARNING * * *
Sif Muna accepts your kill.
You feel a bit more experienced.
The gnoll throws a throwing net.
The throwing net hits you.
You become entangled in the net!
You see here a throwing net.
You struggle against the net.
You tear a large gash into the net.
You struggle against the net.
You rip the net and break free!
The gnoll misses you.
The gnoll throws a throwing net.
The throwing net hits you.
You become entangled in the net!
There is a stone staircase leading up here.
You see here a throwing net.
You struggle against the net.
The gnoll barely misses you.
You struggle against the net.
The gnoll closely misses you.
The gnoll hits you from afar with a +0 spear.
* * * LOW HITPOINT WARNING * * *
You struggle against the net.
The gnoll hits you with a +0 flail.
* * * LOW HITPOINT WARNING * * *
The gnoll hits you from afar with a +0 spear.
You die...

#.# #.##....#####.##..,..#.#
#.# #.##......# #.#*.#,.....
#.#####.##.########.##,#####.#
#..........#...###...###...#>.
#######......♣....._.....♣....
####.#...###...###...#.#
#.##### ##.##.#####.#
#.##.#####.##.#...#.#
##...@...##.##.....#.#
#######.#..g.###...#.....#.#
#......###.#.g.#.♣.#..[..#.#
#.#####.#....#.#...#(##..#.#
#.# ##.###.#.##.##.##..#.# #.#
### #.#...g(.........
#.##########.######.#.###..#
#............# #.#.# #...
############## #.#.###...


You could see 2 gnolls.

Vanquished Creatures
  An ogre (D:4)
  A gnoll sergeant (D:5)
  A scorpion (D:5)
  3 water moccasin zombies (D:5)
  A howler monkey (D:4)
  A bullfrog zombie (D:5)
  2 hounds
  A jelly (D:5)
  A gnoll bouda (D:4)
  Jessica (D:2)
  A scorpion zombie (D:5)
  An orc wizard (D:5)
  8 gnolls
  5 adders
  A white imp (D:5)
  An ufetubus (D:4)
  An adder zombie (D:5)
  A worm (D:5)
  10 orcs
  4 bats
  7 endoplasms
  2 giant cockroaches
  8 goblins
  8 hobgoblins
  6 quokkas
  8 ball pythons
  3 frilled lizards
  3 kobolds
  6 rats
97 creatures vanquished.

Notes
Turn   | Place    | Note
-------+----------+-------------------------------------------
     0 | D:5      | flotson the Demonspawn Delver began the quest for the Orb.
     0 | D:5      | Reached XP level 1. HP: 18/18 MP: 1/1
    60 | D:5      | Noticed a scorpion
   120 | D:3      | Found a bloodstained altar of Trog.
   232 | D:2      | Gained mutation: You regenerate magic rapidly. [demonic
                  | ancestry]
   232 | D:2      | Reached XP level 2. HP: 17/24 MP: 2/2
   338 | D:2      | Found a faded altar of an unknown god.
   817 | D:1      | Reached XP level 3. HP: 28/29 MP: 3/3
  1128 | D:2      | Reached skill level 1 in Armour
  1132 | D:2      | Reached skill level 1 in Evocations
  1358 | D:2      | Noticed Jessica
  1362 | D:2      | Killed Jessica
  1363 | D:2      | Reached skill level 1 in Throwing
  1363 | D:2      | Reached XP level 4. HP: 35/35 MP: 4/4
  2113 | D:3      | Reached XP level 5. HP: 15/41 MP: 5/5
  2366 | D:4      | Found a shimmering blue altar of Sif Muna.
  2379 | D:4      | Became a worshipper of Sif Muna the Loreminder
  2382 | D:4      | Learned a level 1 spell: Magic Dart
  2384 | D:4      | Learned a level 1 spell: Shock
  2387 | D:4      | Learned a level 2 spell: Searing Ray
  2481 | D:4      | Found a blossoming altar of Fedhas.
  2487 | D:4      | Found a snail-covered altar of Cheibriados.
  2492 | D:4      | Found a broken altar of Ashenzari.
  2832 | D:4      | Noticed an ogre
  2836 | D:4      | Reached skill level 5 in Stealth
  2844 | D:4      | Killed an ogre
  2845 | D:4      | Reached skill level 1 in Invocations
  2845 | D:4      | Gained mutation: You have a small tail. [demonic ancestry]
  2845 | D:4      | Reached XP level 6. HP: 26/48 MP: 5/7
  3488 | D:5      | Reached skill level 1 in Spellcasting
  3488 | D:5      | Reached skill level 1 in Conjurations
  3495 | D:5      | Reached skill level 1 in Air Magic
  3575 | D:5      | Gained mutation: You have a tail ending in a sharp stinger.
                  | [demonic ancestry]
  3575 | D:5      | Reached XP level 7. HP: 35/54 MP: 8/8
  3658 | D:5      | Found a basalt altar of Yredelemnul.
  3855 | D:5      | Reached * piety under Sif Muna
  4363 | D:5      | HP: 2/54 [gnoll/+0 flail[a gnoll sergeant] (5)]
  4363 | D:5      | Slain by a gnoll

Illustrated notes

Levels and vault maps discovered:
D:1:      minmay_arrival_hallway, layout_loops_ring
D:2:      layout_rooms, ebering_ecumenical_altar_box, serial_forest,
          infiniplex_forest_straight_3, infiniplex_forest_lined_3,
          infiniplex_forest_side_room, infiniplex_forest_straight_4,
          uniq_jessica
D:3:      layout_rooms, bloody_trog, kennysheep_generic_room_16
D:4:      layout_loops_corners, nicolae_sif_muna_condensation,
          minmay_overflow_temple_star_quad, minmay_misc_feat_encased,
          minmay_misc_feat_square
D:5:      layout_loops_ring, nzn_hepliaklqana_mist_gate, elyvilon_altar_1,
          nicolae_yredelemnul_corpse_copse

Skill      XL: |  1  2  3  4  5  6  7 |
---------------+----------------------+-----
Dodging        | 2 3 |  3.1
Axes           | 2 3 |  3.0
Armour         | 1 2 |  2.4
Evocations     | 1 2 |  2.5
Throwing       | 1 2 |  2.4
Stealth        | 5 |  5.0
Invocations    | 1 2 |  2.4
Spellcasting   | 1 |  1.7
Conjurations   | 1 |  1.9
Air Magic      | 1 |  1.6
Fighting       | 4 |  4.2

Action                   |  1- 3 |  4- 6 |  7- 9 || total
-------------------------+-------+-------+-------++-------
Melee: Morningstar       |   112 |   116 |    89 ||   317
       Spear             |       |    22 |     1 ||    23
       Tailslap          |       |    15 |    17 ||    32
       Punch             |       |       |     1 ||     1
Throw: Dart              |       |    13 |     5 ||    18
       Boomerang         |       |       |     2 ||     2
Evoke: Wand              |       |     3 |       ||     3
  Use: Scroll            |     1 |       |       ||     1
       Potion            |       |     5 |       ||     5
 Stab: Sleeping          |     9 |     5 |       ||    14
Armor: Leather armour    |    63 |    29 |       ||    92
       Scale mail        |       |    61 |    59 ||   120
Dodge: Dodged            |    97 |   142 |    65 ||   304

Table legend: (Time is in decaauts)
 A = Elapsed time spent in this place.
 B = Non-inter-level travel time spent in this place.
 C = Inter-level travel time spent in this place.
 D = Time resting spent in this place.
 E = Time spent auto-exploring this place.
 F = Levels seen in this place.
 G = Mean time per level.
                   A        B        C        D        E       F      G
               +--------+--------+--------+--------+--------+-----+--------+
         Total |   4460 |   4328 |    132 |      0 |   3236 |   5 |  892.0 |
       Dungeon |   4460 |   4328 |    132 |      0 |   3236 |   5 |  892.0 |
               +--------+--------+--------+--------+--------+-----+--------+

Top non-repeatable levels by time:
     D:4: 1373 daAuts
     D:5: 996 daAuts
     D:3: 757 daAuts
     D:1: 742 daAuts
     D:2: 590 daAuts
